[Event "Dutch Open-ch 2019"]
[Site "Dieren"]
[Date "2019.07.31"]
[Round "8.1"]
[White "Bosboom, Manuel"]
[Black "Van Foreest, Lucas"]
[Result "1-0"]
[ECO "D02"]
[WhiteElo "2418"]
[BlackElo "2521"]
[Annotator "ChessBase"]
[PlyCount "71"]
[EventDate "2019.07.23"]
[EventType "swiss"]
[EventCountry "NED"]
[SourceTitle "playchess.com"]
[Source "ChessBase"]
[SourceQuality "1"]
[TimeControl "40/5400+30:1800+30"]

1. d4 Nf6 2. Bf4 d5 3. e3 e6 4. Nf3 c5 5. c3 Nc6 6. Nbd2 Nh5 7. Bg5 f6 8. Bh4 g6 9. g4 g5 10. gxh5 gxh4 11. dxc5 Bxc5 12. Nb3 Be7 13. Rg1 Bd7 14. Qc2 f5 15. O-O-O Qc7 16. Kb1 O-O-O 17. c4 Nb4 18. Qc3 dxc4 19. Bxc4 Kb8 20. Nbd4 Bc6 21. a3 Be4+ 22. Ka1 Nc2+ 23. Ka2 Nxd4 24. Nxd4 Bf6 25. Bxe6 Qxh2 26. f3 Bxd4 27. exd4 Bd5+ 28. Bxd5 Rxd5 29. Rg7 Rb5 30. d5 Rc8 31. Qd4 Qd6 32. Rxh7 h3 33. Rh8 h2 34. Rc1 Rd8 35. Qe5 Rxb2+ 36. Ka1 1-0

[Event "Dutch Open-ch 2019"]
[Site "Dieren"]
[Date "2019.07.31"]
[Round "8.3"]
[White "Pruijssers, Roeland"]
[Black "Mohite, Ranveer"]
[Result "1-0"]
[ECO "B56"]
[WhiteElo "2534"]
[BlackElo "2229"]
[Annotator "ChessBase"]
[PlyCount "83"]
[EventDate "2019.07.23"]
[EventType "swiss"]
[EventCountry "NED"]
[SourceTitle "playchess.com"]
[Source "ChessBase"]
[SourceQuality "1"]
[TimeControl "40/5400+30:1800+30"]

1. e4 c5 2. Nf3 d6 3. d4 cxd4 4. Nxd4 Nf6 5. Nc3 Nc6 6. f3 e5 7. Nb3 Be7 8. Be3 O-O 9. Qd2 a5 10. Bb5 Be6 11. O-O-O Na7 12. Bxa7 Rxa7 13. a4 b6 14. Kb1 Rc7 15. Qd3 Qc8 16. g4 Rd8 17. Nd5 Nxd5 18. exd5 Bd7 19. Nd2 Bxb5 20. Qxb5 Bg5 21. Ne4 Bf4 22. c3 Qd7 23. Qxb6 Rcc8 24. Qb5 Qa7 25. Qd3 Rb8 26. Ka2 Rb6 27. b3 Rdb8 28. Rb1 Qb7 29. c4 Rb4 30. Nxd6 Qb6 31. Nb5 Qc5 32. Rb2 Bg5 33. Re1 g6 34. Rc2 Bf6 35. d6 e4 36. fxe4 Qe5 37. Qd5 Qf4 38. e5 R8xb5 39. cxb5 Rxa4+ 40. bxa4 Qxa4+ 41. Kb2 Qb4+ 42. Qb3 1-0

[Event "Dutch Open-ch 2019"]
[Site "Dieren"]
[Date "2019.07.31"]
[Round "8.5"]
[White "Ikonnikov, Vyacheslav"]
[Black "David, Alberto"]
[Result "0-1"]
[ECO "E10"]
[WhiteElo "2499"]
[BlackElo "2553"]
[Annotator "ChessBase"]
[PlyCount "92"]
[EventDate "2019.07.23"]
[EventType "swiss"]
[EventCountry "NED"]
[SourceTitle "playchess.com"]
[Source "ChessBase"]
[SourceQuality "1"]
[TimeControl "40/5400+30:1800+30"]

1. d4 Nf6 2. Nf3 c5 3. d5 b5 4. c4 e6 5. Bg5 b4 6. e4 d6 7. Bd3 Be7 8. Be3 O-O 9. h3 a5 10. a4 Na6 11. b3 Nc7 12. O-O Nd7 13. Ra2 Bf6 14. Re2 Bb7 15. Bc2 Re8 16. Bf4 Ra6 17. Rd2 e5 18. Be3 Nf8 19. g3 Bc8 20. Kg2 g6 21. Bh6 Bh8 22. Re2 Ra7 23. Nbd2 Na8 24. Qb1 Nb6 25. Rh1 Bg7 26. Be3 h5 27. h4 Nh7 28. Ng5 Rf8 29. Nxh7 Kxh7 30. Nf3 f6 31. Ree1 Re7 32. Nd2 Kg8 33. Qd1 Kf7 34. f4 exf4 35. gxf4 Bg4 36. Nf3 Rfe8 37. Bf2 Kg8 38. Qd3 Rf8 39. Nh2 Qd7 40. Qg3 f5 41. exf5 Rxe1 42. Rxe1 Bxf5 43. Bxf5 Qxf5 44. Re6 Nxd5 45. Rxd6 Nxf4+ 46. Kf1 Qb1+ 0-1

[Event "Dutch Open-ch 2019"]
[Site "Dieren"]
[Date "2019.07.31"]
[Round "8.6"]
[White "Sharma, Dinesh K."]
[Black "Beerdsen, Thomas"]
[Result "1/2-1/2"]
[ECO "B47"]
[WhiteElo "2299"]
[BlackElo "2497"]
[Annotator "ChessBase"]
[PlyCount "61"]
[EventDate "2019.07.23"]
[EventType "swiss"]
[EventCountry "NED"]
[SourceTitle "playchess.com"]
[Source "ChessBase"]
[SourceQuality "1"]
[TimeControl "40/5400+30:1800+30"]

1. e4 c5 2. Nf3 e6 3. d4 cxd4 4. Nxd4 Nc6 5. Nc3 Qc7 6. Be2 Nf6 7. O-O h5 8. Ndb5 Qb8 9. g3 a6 10. Nd4 h4 11. Be3 hxg3 12. hxg3 b5 13. Nxc6 dxc6 14. Bf3 e5 15. a4 b4 16. Nb1 Bh3 17. Re1 Qc8 18. Nd2 Ng4 19. Bxg4 Bxg4 20. f3 Be6 21. Qe2 c5 22. b3 f6 23. Nc4 Bxc4 24. bxc4 Qh3 25. Qg2 Qe6 26. Qe2 g5 27. g4 Ra7 28. Kg2 Rah7 29. Bg1 Kf7 30. Qd3 Be7 31. Rad1 1/2-1/2

[Event "Dutch Open-ch 2019"]
[Site "Dieren"]
[Date "2019.07.31"]
[Round "8.7"]
[White "Das, Arghyadip"]
[Black "Vrolijk, Liam"]
[Result "1/2-1/2"]
[ECO "C65"]
[WhiteElo "2439"]
[BlackElo "2478"]
[Annotator "ChessBase"]
[PlyCount "53"]
[EventDate "2019.07.23"]
[EventType "swiss"]
[EventCountry "NED"]
[SourceTitle "playchess.com"]
[Source "ChessBase"]
[SourceQuality "1"]
[TimeControl "40/5400+30:1800+30"]

1. e4 e5 2. Nf3 Nc6 3. Bb5 Nf6 4. d3 Bc5 5. c3 O-O 6. O-O d6 7. Nbd2 Ne7 8. d4 exd4 9. cxd4 Bb6 10. Bd3 Nc6 11. d5 Nd4 12. Nxd4 Bxd4 13. Nc4 Re8 14. Qc2 Ng4 15. h3 Ne5 16. Nxe5 dxe5 17. Re1 Bd7 18. Be3 Bxe3 19. Rxe3 c6 20. Bc4 Rc8 21. dxc6 Rxc6 22. Qb3 Qe7 23. Rd1 Be6 24. Bxe6 Rxe6 25. Red3 Rb6 26. Qc3 h6 27. a3 1/2-1/2

[Event "Dutch Open-ch 2019"]
[Site "Dieren"]
[Date "2019.07.31"]
[Round "8.8"]
[White "Hausrath, Daniel"]
[Black "Ashwath, R.."]
[Result "1/2-1/2"]
[ECO "A11"]
[WhiteElo "2468"]
[BlackElo "2365"]
[Annotator "ChessBase"]
[PlyCount "77"]
[EventDate "2019.07.23"]
[EventType "swiss"]
[EventCountry "NED"]
[SourceTitle "playchess.com"]
[Source "ChessBase"]
[SourceQuality "1"]
[TimeControl "40/5400+30:1800+30"]

1. Nf3 d5 2. g3 Nf6 3. Bg2 c6 4. O-O Bg4 5. c4 e6 6. d3 Nbd7 7. cxd5 cxd5 8. Qb3 Nc5 9. Qb5+ Qd7 10. Nc3 a6 11. Qxd7+ Ncxd7 12. Bf4 h6 13. Rac1 g5 14. Bd2 Bd6 15. Rc2 O-O 16. Rfc1 Bxf3 17. Bxf3 Ne5 18. Na4 Nxf3+ 19. exf3 Nd7 20. f4 gxf4 21. Bxf4 Bxf4 22. gxf4 b5 23. Nc5 Nxc5 24. Rxc5 Kg7 25. Kg2 Kf6 26. Kf3 Rg8 27. Rc6 Kf5 28. h3 h5 29. Rc7 Kf6 30. a3 h4 31. R7c6 Rgb8 32. R1c5 Kf5 33. Rc7 Kf6 34. R5c6 b4 35. a4 b3 36. Ke3 Rb4 37. a5 Ra4 38. Rb6 Rxa5 39. Rxb3 1/2-1/2

[Event "Dutch Open-ch 2019"]
[Site "Dieren"]
[Date "2019.07.31"]
[Round "8.9"]
[White "Odendahl, Reiner"]
[Black "Lai, Hing Ting"]
[Result "1-0"]
[ECO "A13"]
[WhiteElo "2352"]
[BlackElo "2460"]
[Annotator "ChessBase"]
[PlyCount "45"]
[EventDate "2019.07.23"]
[EventType "swiss"]
[EventCountry "NED"]
[SourceTitle "playchess.com"]
[Source "ChessBase"]
[SourceQuality "1"]
[TimeControl "40/5400+30:1800+30"]

1. Nf3 Nf6 2. c4 e6 3. g3 d5 4. Bg2 d4 5. e3 c5 6. exd4 cxd4 7. O-O Nc6 8. d3 Be7 9. Na3 O-O 10. Nc2 a5 11. Re1 Ne8 12. Bd2 f6 13. a3 a4 14. Nb4 Nc7 15. b3 axb3 16. Qxb3 Kh8 17. Nxc6 bxc6 18. Qb6 c5 19. Bf4 Na6 20. Qxd8 Rxd8 21. Nxd4 cxd4 22. Bxa8 Nc5 23. Bc7 1-0

[Event "Dutch Open-ch 2019"]
[Site "Dieren"]
[Date "2019.07.31"]
[Round "8.10"]
[White "Reinderman, Dimitri"]
[Black "Kolbus, Dietmar"]
[Result "1-0"]
[ECO "B31"]
[WhiteElo "2583"]
[BlackElo "2281"]
[Annotator "ChessBase"]
[PlyCount "67"]
[EventDate "2019.07.23"]
[EventType "swiss"]
[EventCountry "NED"]
[SourceTitle "playchess.com"]
[Source "ChessBase"]
[SourceQuality "1"]
[TimeControl "40/5400+30:1800+30"]

1. e4 c5 2. Nf3 Nc6 3. Bb5 g6 4. Bxc6 dxc6 5. d3 Bg7 6. h3 Nf6 7. Nc3 Nd7 8. Be3 e5 9. Qd2 h6 10. O-O b6 11. a3 a5 12. Nh2 Nf8 13. f4 exf4 14. Bxf4 Ne6 15. Be3 Nd4 16. Rf2 Ra7 17. Raf1 Be6 18. Ne2 Nxe2+ 19. Rxe2 a4 20. Nf3 Rd7 21. Bf4 g5 22. Be5 f6 23. Bc3 O-O 24. Qe3 Qc7 25. Nd2 f5 26. exf5 Bxf5 27. Bxg7 Kxg7 28. Nc4 Rf6 29. Qe5 Qxe5 30. Rxe5 Rd5 31. Re7+ Kf8 32. Rc7 b5 33. Ne3 Re5 34. Ng4 1-0

[Event "Dutch Open-ch 2019"]
[Site "Dieren"]
[Date "2019.07.31"]
[Round "8.11"]
[White "Lahaye, Rick"]
[Black "Van Baar, Esper"]
[Result "1-0"]
[ECO "A45"]
[WhiteElo "2421"]
[BlackElo "2108"]
[Annotator "NA"]
[PlyCount "49"]
[EventDate "2019.07.23"]
[EventType "swiss"]
[EventCountry "NED"]
[SourceTitle "playchess.com"]
[Source "ChessBase"]
[SourceQuality "1"]
[TimeControl "40/5400+30:1800+30"]

1. d4 Nf6 2. e3 g6 3. Nd2 Bg7 4. g4 h6 5. h3 d5 6. Bg2 c5 7. c3 Nc6 8. Ne2 O-O 9. O-O e5 10. dxc5 h5 11. g5 Nd7 12. e4 d4 13. Nb3 Qe7 14. f4 d3 15. Qxd3 exf4 16. Nxf4 Nxc5 17. Nxc5 Qxc5+ 18. Be3 Qa5 19. Nd5 Ne5 20. Qe2 Be6 21. Bd4 Nd7 22. b4 Bxd4+ 23. cxd4 Qd8 24. Nf4 Qxg5 25. d5 1-0

[Event "Dutch Open-ch 2019"]
[Site "Dieren"]
[Date "2019.07.31"]
[Round "8.12"]
[White "Maatman, Nick"]
[Black "Grutter, Tim"]
[Result "1-0"]
[ECO "E97"]
[WhiteElo "2407"]
[BlackElo "2091"]
[Annotator "NA"]
[PlyCount "87"]
[EventDate "2019.07.23"]
[EventType "swiss"]
[EventCountry "NED"]
[SourceTitle "playchess.com"]
[Source "ChessBase"]
[SourceQuality "1"]
[TimeControl "40/5400+30:1800+30"]

1. d4 Nf6 2. c4 g6 3. Nc3 Bg7 4. e4 d6 5. Be2 O-O 6. Nf3 e5 7. O-O Nc6 8. d5 Ne7 9. Nd2 Nd7 10. b4 f5 11. a4 a5 12. bxa5 f4 13. Bg4 Nc5 14. Bxc8 Qxc8 15. f3 Rxa5 16. Ba3 b6 17. Bxc5 bxc5 18. Qb3 g5 19. Rfb1 h5 20. Qb7 Qd7 21. Rb5 Raa8 22. a5 g4 23. a6 h4 24. fxg4 f3 25. h3 fxg2 26. a7 Qe8 27. Kxg2 Bh6 28. Rf1 Bf4 29. Nf3 Ng6 30. Qxc7 Rf7 31. Qxd6 Rfxa7 32. Rfb1 Ra6 33. Qc7 Rc8 34. Qb7 Ra3 35. d6 Rd8 36. Nd5 Qf8 37. Ne7+ Kh7 38. Nf5+ Kh8 39. Qc7 Bg3 40. Ng5 Ra2+ 41. R5b2 Rxb2+ 42. Rxb2 Nf4+ 43. Kf3 Qxd6 44. Qh7# 1-0

[Event "Dutch Open-ch 2019"]
[Site "Dieren"]
[Date "2019.07.31"]
[Round "8.13"]
[White "Van Roon, Sjoerd"]
[Black "Neelotpal, Das"]
[Result "0-1"]
[ECO "C54"]
[WhiteElo "2072"]
[BlackElo "2406"]
[Annotator "NA"]
[PlyCount "50"]
[EventDate "2019.07.23"]
[EventType "swiss"]
[EventCountry "NED"]
[SourceTitle "playchess.com"]
[Source "ChessBase"]
[SourceQuality "1"]
[TimeControl "40/5400+30:1800+30"]

1. e4 e5 2. Nf3 Nc6 3. Bc4 Bc5 4. c3 Nf6 5. d3 O-O 6. O-O d5 7. exd5 Nxd5 8. b4 Be7 9. b5 Na5 10. Bxd5 Qxd5 11. c4 Qe6 12. Re1 f6 13. Bd2 b6 14. Bxa5 bxa5 15. Nd4 Qd7 16. Nc6 Bb4 17. Re2 a6 18. a4 Bb7 19. Nxb4 axb4 20. Qb3 Qg4 21. c5+ Kh8 22. c6 Bxc6 23. Kf1 Bxg2+ 24. Ke1 Bf3 25. Rd2 Qg1# 0-1

[Event "Dutch Open-ch 2019"]
[Site "Dieren"]
[Date "2019.07.31"]
[Round "8.14"]
[White "Baselmans, Sam"]
[Black "Evengroen, Henk-Jan"]
[Result "0-1"]
[ECO "C54"]
[WhiteElo "2064"]
[BlackElo "2176"]
[Annotator "NA"]
[PlyCount "94"]
[EventDate "2019.07.23"]
[EventType "swiss"]
[EventCountry "NED"]
[SourceTitle "playchess.com"]
[Source "ChessBase"]
[SourceQuality "1"]
[TimeControl "40/5400+30:1800+30"]

1. e4 e5 2. Nf3 Nc6 3. Bc4 Nf6 4. d3 Bc5 5. O-O a6 6. c3 d6 7. Bb3 O-O 8. h3 d5 9. exd5 Nxd5 10. Re1 Be6 11. d4 exd4 12. cxd4 Bb4 13. Bd2 Bxd2 14. Qxd2 Qf6 15. Bxd5 Bxd5 16. Ne5 Rad8 17. Nc3 Bxg2 18. Qe3 Nxe5 19. dxe5 Qg6 20. Kh2 Rd3 21. Qxd3 Qxd3 22. Kxg2 Re8 23. Re3 Qg6+ 24. Kf1 Qc2 25. b3 Rd8 26. Ne4 h6 27. Rae1 Qxa2 28. Kg2 Qb2 29. Ng3 Rd2 30. Rf3 Rd5 31. Re2 Qa1 32. Rfe3 Qb1 33. f4 g6 34. e6 fxe6 35. Rxe6 Rd7 36. f5 gxf5 37. Nh5 Rd6 38. Re8+ Kf7 39. R8e7+ Kg6 40. Nf4+ Kg5 41. Kg3 Qxb3+ 42. R2e3 Qd1 43. h4+ Kf6 44. Re2 Qg1+ 45. Ng2 Rd3+ 46. R2e3 Rxe3+ 47. Rxe3 f4+ 0-1

[Event "Dutch Open-ch 2019"]
[Site "Dieren"]
[Date "2019.07.31"]
[Round "8.15"]
[White "Ojas Kulkarni"]
[Black "Vogel, Jaap"]
[Result "1-0"]
[ECO "A10"]
[WhiteElo "2251"]
[BlackElo "2126"]
[Annotator "NA"]
[PlyCount "45"]
[EventDate "2019.07.23"]
[EventType "swiss"]
[EventCountry "NED"]
[SourceTitle "playchess.com"]
[Source "ChessBase"]
[SourceQuality "1"]
[TimeControl "40/5400+30:1800+30"]

1. c4 e6 2. Nf3 f5 3. g3 Nf6 4. Bg2 c6 5. O-O d5 6. b3 Bd6 7. Bb2 O-O 8. d3 Nbd7 9. Nbd2 f4 10. d4 Ng4 11. h3 Ngf6 12. g4 Ne4 13. Nxe4 dxe4 14. Nd2 e3 15. Ne4 exf2+ 16. Rxf2 Be7 17. Qd2 g5 18. e3 fxe3 19. Qxe3 Rxf2 20. Qxf2 Qf8 21. Qe2 Qh6 22. Rf1 Qg6 23. Kh1 1-0

[Event "Dutch Open-ch 2019"]
[Site "Dieren"]
[Date "2019.07.31"]
[Round "8.16"]
[White "Wedda, Dries"]
[Black "De Boer, Bas"]
[Result "1/2-1/2"]
[ECO "D11"]
[WhiteElo "2234"]
[BlackElo "2117"]
[Annotator "NA"]
[PlyCount "30"]
[EventDate "2019.07.23"]
[EventType "swiss"]
[EventCountry "NED"]
[SourceTitle "playchess.com"]
[Source "ChessBase"]
[SourceQuality "1"]
[TimeControl "40/5400+30:1800+30"]

1. d4 d5 2. c4 c6 3. Nf3 Nf6 4. g3 Bg4 5. Ne5 Bf5 6. cxd5 cxd5 7. Nc3 e6 8. e4 Bxe4 9. Bb5+ Nfd7 10. Nxe4 dxe4 11. Qa4 a6 12. Bf4 f6 13. Ng4 Qb6 14. Bc4 Qb4+ 15. Qxb4 Bxb4+ 1/2-1/2

[Event "Dutch Open-ch 2019"]
[Site "Dieren"]
[Date "2019.07.31"]
[Round "8.17"]
[White "Elgersma, Onno"]
[Black "Van Helvoort, Rob"]
[Result "1-0"]
[ECO "B06"]
[WhiteElo "2232"]
[BlackElo "2104"]
[Annotator "NA"]
[PlyCount "159"]
[EventDate "2019.07.23"]
[EventType "swiss"]
[EventCountry "NED"]
[SourceTitle "playchess.com"]
[Source "ChessBase"]
[SourceQuality "1"]
[TimeControl "40/5400+30:1800+30"]

1. e4 g6 2. d4 Bg7 3. Nf3 d6 4. Bc4 e6 5. O-O a6 6. a4 b6 7. Re1 Ne7 8. c3 h6 9. Nbd2 Nd7 10. Nf1 Bb7 11. Ng3 d5 12. exd5 Nxd5 13. Bd2 N7f6 14. Ne5 c5 15. dxc5 bxc5 16. Qe2 Qe7 17. a5 Nd7 18. Nxd7 Qxd7 19. Ne4 Qc7 20. Qf3 Qe7 21. Qg3 Rd8 22. Rad1 O-O 23. Be3 Nxe3 24. Qxe3 Bxe4 25. Qxe4 Qc7 26. Ra1 Rd2 27. Re2 Rd6 28. h4 h5 29. g3 Rfd8 30. Kg2 Kh7 31. Qf3 Kg8 32. Rc2 Kh7 33. Re2 Kg8 34. Ra2 Kh7 35. b3 Kg8 36. Rec2 Kh7 37. Qe2 Qb7+ 38. Qf3 Qc7 39. Be2 Qb8 40. Qxf7 R8d7 41. Qf3 Qxb3 42. Qe3 Qd5+ 43. Bf3 Bh6 44. Qe2 Qd3 45. Ra4 Qxe2 46. Rxe2 Bg7 47. Rc4 Rc7 48. Be4 Bf6 49. Rb2 Kg7 50. Rb7 Rxb7 51. Bxb7 Be7 52. Rxc5 Rd7 53. Bc8 Bxc5 54. Bxd7 Bd6 55. Bxe6 Bc7 56. Bc8 Bxa5 57. c4 Bb6 58. Bxa6 Kf6 59. Bb7 g5 60. hxg5+ Kxg5 61. f4+ Kg6 62. Kf3 Kf6 63. Bc6 Ke7 64. g4 hxg4+ 65. Kxg4 Kf6 66. Bb7 Bc5 67. Bc8 Bd6 68. Kf3 Ke7 69. Ke4 Kd8 70. Bh3 Ke7 71. f5 Bb4 72. Kd5 Bc3 73. Kc6 Bd4 74. c5 Be5 75. Kb7 Kd8 76. c6 Bd6 77. f6 Ke8 78. Be6 Kd8 79. f7 Ke7 80. Bd5 1-0

[Event "Dutch Open-ch 2019"]
[Site "Dieren"]
[Date "2019.07.31"]
[Round "8.18"]
[White "Konings, Frans"]
[Black "Goswami, Vedant"]
[Result "1-0"]
[ECO "C56"]
[WhiteElo "2208"]
[BlackElo "2046"]
[Annotator "NA"]
[PlyCount "63"]
[EventDate "2019.07.23"]
[EventType "swiss"]
[EventCountry "NED"]
[SourceTitle "playchess.com"]
[Source "ChessBase"]
[SourceQuality "1"]
[TimeControl "40/5400+30:1800+30"]

1. e4 e5 2. Nf3 Nc6 3. Bc4 Nf6 4. d4 exd4 5. e5 d5 6. Bb5 Ne4 7. Nxd4 Bd7 8. Bxc6 bxc6 9. O-O Bc5 10. f3 Ng5 11. f4 Ne4 12. Nc3 Nxc3 13. bxc3 Bf5 14. Kh1 Bxd4 15. cxd4 Qd7 16. Ba3 Qe6 17. Rb1 Kd7 18. Rb7 Rhb8 19. Qb1 Kc8 20. Qb4 Qe8 21. Rb1 Rxb7 22. Qxb7+ Kd7 23. Rb2 a5 24. Rb6 Qe6 25. Bd6 Rc8 26. Rxc6 Ke8 27. Rxc7 Rxc7 28. Qxc7 Qd7 29. Qxa5 Qc6 30. Qa7 Bd7 31. Bc5 f6 32. f5 1-0

[Event "Dutch Open-ch 2019"]
[Site "Dieren"]
[Date "2019.07.31"]
[Round "8.19"]
[White "t Jong, Ewoud"]
[Black "Nair, Sanjeev"]
[Result "1/2-1/2"]
[ECO "B22"]
[WhiteElo "2159"]
[BlackElo "2045"]
[Annotator "NA"]
[PlyCount "121"]
[EventDate "2019.07.23"]
[EventType "swiss"]
[EventCountry "NED"]
[SourceTitle "playchess.com"]
[Source "ChessBase"]
[SourceQuality "1"]
[TimeControl "40/5400+30:1800+30"]

1. e4 c5 2. c3 d5 3. exd5 Qxd5 4. d4 Nc6 5. Nf3 Bf5 6. Be3 e6 7. Na3 Nf6 8. Nb5 O-O-O 9. c4 Qd7 10. dxc5 Qxd1+ 11. Rxd1 Rxd1+ 12. Kxd1 Ne4 13. Nh4 Bxc5 14. Nxf5 exf5 15. Bxc5 Rd8+ 16. Nd6+ Nxd6 17. Bxd6 Rxd6+ 18. Kc1 Ne5 19. Be2 f4 20. Rd1 Rh6 21. h3 f3 22. gxf3 Rf6 23. Rd5 Nxf3 24. Rd3 Ne5 25. Re3 Nc6 26. Bg4+ Kc7 27. Rf3 Rxf3 28. Bxf3 Ne5 29. Be4 g6 30. b3 f5 31. Bg2 Nd3+ 32. Kd2 Nf4 33. Bf1 Kd6 34. Ke3 Ke5 35. h4 h5 36. a3 Ne6 37. Bg2 f4+ 38. Kd3 Nc5+ 39. Kc3 Ne4+ 40. Bxe4 Kxe4 41. c5 g5 42. hxg5 Kf5 43. Kd3 Kxg5 44. Ke2 a5 45. b4 axb4 46. axb4 Kf5 47. b5 Ke5 48. Kf3 Kd5 49. Kxf4 Kxc5 50. Kg5 h4 51. Kxh4 Kxb5 52. f4 Kc6 53. f5 b5 54. f6 Kd7 55. Kg5 Ke8 56. Kg6 Kf8 57. Kf5 b4 58. Ke4 b3 59. Kd3 Kf7 60. Kc3 Kxf6 61. Kxb3 1/2-1/2

[Event "Dutch Open-ch 2019"]
[Site "Dieren"]
[Date "2019.07.31"]
[Round "8.20"]
[White "De Jonge, Boris"]
[Black "Grooten, Herman"]
[Result "1-0"]
[ECO "B44"]
[WhiteElo "2059"]
[BlackElo "2310"]
[Annotator "NA"]
[PlyCount "103"]
[EventDate "2019.07.23"]
[EventType "swiss"]
[EventCountry "NED"]
[SourceTitle "playchess.com"]
[Source "ChessBase"]
[SourceQuality "1"]
[TimeControl "40/5400+30:1800+30"]

1. e4 c5 2. Nf3 e6 3. d4 cxd4 4. Nxd4 Nc6 5. c4 Nf6 6. Nc3 Bb4 7. Nxc6 dxc6 8. Qxd8+ Kxd8 9. e5 Ng4 10. f4 Bxc3+ 11. bxc3 c5 12. Be2 Nh6 13. a4 a5 14. Be3 b6 15. O-O-O+ Kc7 16. Bf3 Rb8 17. Kc2 Bd7 18. Kb3 Rhd8 19. Bf2 Bc6 20. Bxc6 Kxc6 21. h3 Kc7 22. Kc2 Rxd1 23. Rxd1 Rd8 24. Rxd8 Kxd8 25. Kd3 f6 26. Ke4 Ke7 27. g4 Nf7 28. Be3 h6 29. h4 g6 30. h5 g5 31. fxg5 hxg5 32. exf6+ Kxf6 33. Bd2 Nd6+ 34. Kd3 e5 35. Bc1 e4+ 36. Ke3 Ke5 37. Ke2 Nf7 38. Bd2 Kf6 39. Ke3 Nd6 40. Bc1 Kg7 41. Ke2 Nxc4 42. Bxg5 Nb2 43. Ke3 Nxa4 44. Kxe4 Nxc3+ 45. Kf5 Nb5 46. Bf6+ Kh6 47. Be5 a4 48. g5+ Kxh5 49. g6 Kh6 50. Kf6 Na7 51. Bf4+ Kh5 52. g7 1-0

[Event "Dutch Open-ch 2019"]
[Site "Dieren"]
[Date "2019.08.01"]
[Round "9.1"]
[White "Pruijssers, Roeland"]
[Black "Schoppen, Casper"]
[Result "1/2-1/2"]
[ECO "C54"]
[WhiteElo "2534"]
[BlackElo "2493"]
[Annotator "ChessBase"]
[PlyCount "103"]
[EventDate "2019.07.23"]
[EventType "swiss"]
[EventCountry "NED"]
[SourceTitle "playchess.com"]
[Source "ChessBase"]
[SourceQuality "1"]
[TimeControl "40/5400+30:1800+30"]

1. e4 e5 2. Nf3 Nc6 3. Bc4 Nf6 4. d3 Bc5 5. O-O d6 6. c3 a6 7. a4 Ba7 8. Nbd2 O-O 9. h3 Be6 10. Re1 Qd7 11. Bxe6 fxe6 12. Nc4 Nh5 13. d4 exd4 14. cxd4 Qf7 15. Be3 Nf4 16. Ng5 Qg6 17. Qg4 h6 18. Bxf4 hxg5 19. Bxg5 Bxd4 20. Re2 b5 21. Ne3 Ne5 22. Qh4 Nf7 23. Be7 Rfe8 24. Rd1 c5 25. e5 Bxe5 26. Ng4 Bd4 27. Rde1 e5 28. Re4 Ra7 29. Bf6 Kf8 30. axb5 axb5 31. Kh2 gxf6 32. Nxf6 Re6 33. Nh7+ Kg7 34. Rg4 Qxg4 35. Qxg4+ Rg6 36. Qh5 Bxf2 37. Rf1 Bg3+ 38. Kh1 Bf4 39. h4 Ra8 40. Qf5 Rh8 41. h5 Rh6 42. Qg4+ Kxh7 43. g3 Rxh5+ 44. Qxh5+ Kg7 45. Qxh8+ Nxh8 46. gxf4 Kf6 47. fxe5+ Kxe5 48. Kg2 Ng6 49. Kf3 Kd5 50. Rd1+ Kc6 51. Ke4 Ne5 52. b3 1/2-1/2

[Event "Dutch Open-ch 2019"]
[Site "Dieren"]
[Date "2019.08.01"]
[Round "9.3"]
[White "Van Foreest, Lucas"]
[Black "Odendahl, Reiner"]
[Result "1-0"]
[ECO "B56"]
[WhiteElo "2521"]
[BlackElo "2352"]
[Annotator "ChessBase"]
[PlyCount "103"]
[EventDate "2019.07.23"]
[EventType "swiss"]
[EventCountry "NED"]
[SourceTitle "playchess.com"]
[Source "ChessBase"]
[SourceQuality "1"]
[TimeControl "40/5400+30:1800+30"]

1. e4 c5 2. Nf3 d6 3. d4 cxd4 4. Nxd4 Nf6 5. Nc3 Nc6 6. Nd5 e6 7. Nxf6+ Qxf6 8. Nb5 Qd8 9. c4 a6 10. Nc3 Be7 11. Be2 O-O 12. O-O Ne5 13. Be3 b6 14. f4 Nd7 15. Qd2 Bb7 16. Rfd1 Nc5 17. Bf3 Qb8 18. Rac1 Rd8 19. Qf2 a5 20. Rd2 Bc6 21. Bd4 Ra7 22. Qg3 Bf8 23. f5 Kh8 24. Qh4 Re8 25. Bh5 Qd8 26. f6 e5 27. Be3 Qxf6 28. Bg5 Qe6 29. Bg4 Qxc4 30. Bf5 g6 31. Ne2 Qxa2 32. b4 axb4 33. Rxa2 Rxa2 34. Bg4 Bxe4 35. Rf1 f5 36. Bf6+ Kg8 37. Bf3 b3 38. Nc3 Bxf3 39. Nxa2 Be2 40. Nc3 Bxf1 41. Kxf1 b5 42. Qb4 Kf7 43. Qxb5 Ra8 44. Bh4 Ra1+ 45. Ke2 Rc1 46. Na4 Rc2+ 47. Kd1 Bh6 48. Nxc5 Rc1+ 49. Ke2 Rc2+ 50. Kd3 Rd2+ 51. Kc3 dxc5 52. Qxb3+ 1-0

[Event "Dutch Open-ch 2019"]
[Site "Dieren"]
[Date "2019.08.01"]
[Round "9.4"]
[White "David, Alberto"]
[Black "Beerdsen, Thomas"]
[Result "1-0"]
[ECO "C00"]
[WhiteElo "2553"]
[BlackElo "2497"]
[Annotator "ChessBase"]
[PlyCount "91"]
[EventDate "2019.07.23"]
[EventType "swiss"]
[EventCountry "NED"]
[SourceTitle "playchess.com"]
[Source "ChessBase"]
[SourceQuality "1"]
[TimeControl "40/5400+30:1800+30"]

1. e4 c5 2. Nf3 e6 3. d3 Nc6 4. g3 Nf6 5. Bg2 d5 6. Qe2 Be7 7. O-O b5 8. c3 b4 9. e5 Nd7 10. c4 Nb6 11. h4 h6 12. h5 a5 13. Bf4 Qd7 14. Rd1 Ba6 15. Nbd2 a4 16. Rac1 O-O-O 17. Be3 d4 18. Bf4 g5 19. hxg6 fxg6 20. Ne4 g5 21. Bd2 Qc7 22. Bh3 Nxe5 23. Nxe5 Qxe5 24. f4 Qc7 25. Bxe6+ Kb8 26. Rf1 Bb7 27. Rce1 Ka7 28. Qh5 Rdf8 29. Rf2 Qc6 30. Bh3 gxf4 31. Bxf4 Bg5 32. Bg2 Bxf4 33. gxf4 Nd7 34. Ng3 Qd6 35. Nf5 Qc7 36. Bxb7 Qxb7 37. Re7 Rhg8+ 38. Ng7 Ka8 39. Qh3 Rd8 40. Rfe2 Qc7 41. Qf3+ Kb8 42. Kf1 Rdf8 43. Ne6 Ne5 44. Qa8+ Kxa8 45. Nxc7+ Kb8 46. Na6+ 1-0

[Event "Dutch Open-ch 2019"]
[Site "Dieren"]
[Date "2019.08.01"]
[Round "9.6"]
[White "Mohite, Ranveer"]
[Black "Ikonnikov, Vyacheslav"]
[Result "0-1"]
[ECO "B32"]
[WhiteElo "2229"]
[BlackElo "2499"]
[Annotator "ChessBase"]
[PlyCount "104"]
[EventDate "2019.07.23"]
[EventType "swiss"]
[EventCountry "NED"]
[SourceTitle "playchess.com"]
[Source "ChessBase"]
[SourceQuality "1"]
[TimeControl "40/5400+30:1800+30"]

1. e4 c5 2. Nf3 Nc6 3. d4 cxd4 4. Nxd4 e5 5. Nb5 d6 6. N1c3 a6 7. Na3 Be7 8. Nc4 b5 9. Ne3 Nf6 10. g3 O-O 11. Bg2 Rb8 12. O-O Nd4 13. Ncd5 Nxd5 14. Nxd5 Bb7 15. c3 Ne6 16. Be3 Bg5 17. Bxg5 Qxg5 18. Ne3 Rfd8 19. a4 Qe7 20. axb5 axb5 21. Ra7 Qc7 22. Qd2 Qb6 23. Rfa1 Ra8 24. Rxa8 Bxa8 25. b4 Bc6 26. Ra5 g6 27. h4 h5 28. Qa2 Nc7 29. g4 hxg4 30. Nxg4 Ne6 31. Ra7 Kf8 32. h5 gxh5 33. Nf6 Bb7 34. Nxh5 Rc8 35. Bh3 Ke7 36. Ng3 Rxc3 37. Nf5+ Kf6 38. Bg2 Rc1+ 39. Kh2 Rc8 40. Ra3 Nf4 41. Rf3 Rh8+ 42. Kg1 Rg8 43. Rxf4 exf4 44. Qb2+ Ke6 45. Qb3+ d5 46. Nh6 Rg3 47. Qc2 dxe4 48. Kf1 Rd3 49. Bxe4 Bxe4 50. Qc8+ Kd5 51. Nxf7 Qd4 52. Qa8+ Kc4 0-1